 Dungeon Crawl Stone Soup version 0.25-a0-294-gea9b1ad378 (webtiles) character file.

Game seed: 12662977849594475666, levelgen mode: deterministic

65 CheeseeCupcake the Skirmisher (level 4, -4/29 HPs)
             Began as a Gargoyle Fighter on Dec 16, 2019.
             Slain by Natasha (5 damage)
             ... on level 2 of the Dungeon.
             The game lasted 00:02:26 (1150 turns).

CheeseeCupcake the Skirmisher (Gargoyle Fighter)    Turns: 1150, Time: 00:02:27

Health: -4/29      AC: 10    Str: 21    XL:     4   Next: 13%
Magic:  4/4        EV:  7    Int:  8    God:
Gold:   87         SH:  9    Dex:  9    Spells: 3/3 levels left

rFire    . . .     SeeInvis .   a - +0 flail
rCold    . . .     Gourm    .   c - +0 shield
rNeg     + . .     Faith    .   b - +0 scale mail
rPois    ∞         Spirit   .   (no helmet)
rElec    +         Reflect  .   (no cloak)
rCorr    .         Harm     .   (no gloves)
MR       .....                  (no boots)
Stlth    ..........             (no amulet)
HPRegen  0.09/turn              (no ring)
MPRegen  0.09/turn              (no ring)

@: no status effects
A: negative energy resistance 1, electricity resistance, unbreathing,
petrification resistance, rot immunity, AC +3
a: no special abilities


You were on level 2 of the Dungeon.
You were not hungry.

You visited 1 branch of the dungeon, and saw 2 of its levels.

You collected 87 gold pieces.

Inventory:

Hand Weapons
 a - a +0 flail (weapon)
Armour
 b - a +0 scale mail (worn)
 c - a +0 shield (worn)
Jewellery
 e - a +1 ring of slaying {unknown}
Scrolls
 j - a scroll of noise {unknown}
 k - a scroll of teleportation {unknown}
Potions
 d - a potion of might
 h - a potion of flight {unknown}
 i - a potion of curing {unknown}
Comestibles
 f - 6 rations


   Skills:
 + Level 4.0 Fighting
 * Level 3.7 Maces & Flails
 - Level 3.2 Armour
 - Level 3.2 Shields


You had 3 spell levels left.
You didn't know any spells.
Your spell library was empty.

Dungeon Overview and Level Annotations

Branches:
Dungeon (2/15)

Altars:
Ru
Xom

Annotations:
D:2 Natasha


Innate Abilities, Weirdness & Mutations

You are resistant to torment.
Your stone body is resilient. (AC +3)
You are immune to poison.
You resist negative energy. (rN+)
You are resistant to electric shocks. (rElec)
You can survive without breathing.
You are immune to petrification.
You are immune to rotting.


Message History

Natasha claws you.
* * * LOW HITPOINT WARNING * * *
The jackal completely misses you.
You barely miss Natasha. The bat hits you but does no damage. x2
The jackal bites you but does no damage.
You block Natasha's attack. The bat hits you but does no damage.
You barely miss Natasha. You block the bat's attack.
The jackal bites you but does no damage.
Natasha claws you but does no damage.
The jackal bites you but does no damage.
You sock Natasha!
Natasha is heavily wounded.
You block the bat's attack. The bat hits you but does no damage.
You block the jackal's attack. The bat hits you.
* * * LOW HITPOINT WARNING * * *
Natasha casts a spell at you. You resist with some effort.
The jackal bites you but does no damage.
The bat hits you but does no damage. Natasha claws you.
You die...

...... ... #....
......#####.# #####....
#####....b...#####.....^^^
.....................[.^_^
######.#########......^..
#..# #..###.... #.h##
#...##.... ##hb#
######.###### ##@#
#...........# #h##
#.####.####.# ...#
#.#.......#.#
..####..###.#.##.##.#.#
<.........#.#.#...#.#.#
..#####........._......
##.##(#.#...#.#.#
#.##.#.##.##.#.# ###..#
#.......#.#


You could see Natasha, 2 jackals and a bat.

Vanquished Creatures
  Natasha (D:2)
  An adder (D:2)
  2 dart slugs (D:1)
  A leopard gecko (D:1)
  A ball python (D:2)
  2 bats
  3 giant cockroaches (D:1)
  2 goblins (D:1)
  A hobgoblin (D:1)
  5 kobolds
  A quokka (D:2)
  3 frilled lizards (D:1)
  4 rats
27 creatures vanquished.

Notes
Turn   | Place    | Note
-------+----------+-------------------------------------------
     0 | D:1      | CheeseeCupcake the Gargoyle Fighter began the quest for the
                  | Orb.
     0 | D:1      | Reached XP level 1. HP: 14/14 MP: 1/1
   246 | D:1      | Reached XP level 2. HP: 19/19 MP: 2/2
   738 | D:1      | Reached XP level 3. HP: 24/24 MP: 3/3
   909 | D:2      | Found a sacrificial altar of Ru.
   934 | D:2      | Found a shimmering altar of Xom.
  1123 | D:2      | Noticed Natasha
  1135 | D:2      | Killed Natasha
  1135 | D:2      | Reached skill level 4 in Fighting
  1136 | D:2      | Reached XP level 4. HP: 9/29 MP: 4/4
  1142 | D:2      | Noticed Natasha
  1150 | D:2      | HP: 1/29 [bat (1)]
  1150 | D:2      | Slain by Natasha

Levels and vault maps discovered:
D:1:      lemuel_arrival_river_ford, layout_basic
D:2:      layout_basic, xom_teletrap_fun, nicolae_ru_sacrificial_ziggurat,
          first_ration, uniq_natasha

Skill      XL: |  1  2  3 |
---------------+----------+-----
Maces & Flails | 3 |  3.7
Fighting       | 4 |  4.0
Armour         | |  3.2
Shields        | |  3.2

Action                   |  1- 3 |  4- 6 || total
-------------------------+-------+-------++-------
Melee: Flail             |   109 |     6 ||   115
  Use: Potion            |       |     1 ||     1
  Eat: Chunk             |     1 |       ||     1
Armor: Scale mail        |    82 |    24 ||   106
Dodge: Dodged            |    30 |     8 ||    38
Block: Shield            |    69 |    13 ||    82

Table legend:
 A = Non-vault XP
 B = Vault XP
 C = Vault XP percentage of total XP
 D = Non-vault monster count
 E = Vault monster count
 F = Vault count percentage of total count
                 A         B        C        D         E       F
            +---------+---------+-------+---------+---------+-------
      Total |      58 |      35 |  37.6 |      26 |       1 |   3.7
            +---------+---------+-------+---------+---------+-------
        D:1 |      34 |       0 |   0.0 |      18 |       0 |   0.0
        D:2 |      24 |      35 |  59.3 |       8 |       1 |  11.1
            +---------+---------+-------+---------+---------+-------
